 Dungeon Crawl Stone Soup version 0.31-a0-236-g9a0961fb85 (webtiles) character file.

Game seed: 1119708173528829848

149 qw the Shooter (level 5, 0/45 HPs)
             Began as a Minotaur Hexslinger on July 9, 2023.
             Succumbed to a water moccasin's poison
             ... on level 4 of the Dungeon.
             The game lasted 00:01:01 (2957 turns).

qw the Shooter (Minotaur Hexslinger)                Turns: 2957, Time: 00:01:02

Health: 0/45       AC:  5    Str: 12    XL:     5   Next: 9%
Magic:  5/5        EV: 11    Int: 10    God:
Gold:   173        SH:  0    Dex: 15    Spells: 5/6 levels left

rFire   . . .        Y - +2 sling
rCold   . . .        (no shield)
rNeg    . . .        j - +0 ring mail
rPois   .            (helmet restricted)
rElec   .            (no cloak)
rCorr   .            (no gloves)
SInv    .            (no boots)
Will    .....        (no amulet)
Stlth   +            (no ring)
HPRegen 0.27/turn    (no ring)
MPRegen 0.09/turn

%: no passive effects
@: lethally poisoned (0 -> -29)
A: horns 2, retaliatory headbutt
a: no special abilities


You were on level 4 of the Dungeon.
You visited 1 branch of the dungeon, and saw 4 of its levels.

You collected 173 gold pieces.


Innate Abilities, Weirdness & Mutations

You have a pair of horns on your head.
You reflexively headbutt those who attack you in melee.


   Skills:
 - Level 3.0 Fighting
 + Level 5.1 Ranged Weapons
 - Level 1.0 Armour
 - Level 2.1 Dodging
 - Level 1.0 Spellcasting
 - Level 2.0 Hexes


You had 5 spell levels left.
You knew the following spells:

 Your Spells              Type           Power      Damage    Failure   Level
a - Slow                  Hex            16%        N/A       34%         1

Your spell library contained the following spells:

 Spells                   Type           Power      Damage    Failure   Level
 Inner Flame              Hex/Fire       2%         N/A       83%         3
 Portal Projectile        Hex/Tloc       4%         N/A       83%         3
 Cause Fear               Hex            2%         N/A       98%         4

Inventory:

Hand Weapons
 Y - a +2 sling (weapon)
Armour
 j - a +0 ring mail (worn)
Scrolls
 a - a scroll of identify
 f - a scroll of enchant armour
Potions
 b - a potion of enlightenment
 c - a potion of degeneration {unknown}
 e - a potion of might
 g - a potion of haste

Dungeon Overview and Level Annotations

Branches:
Dungeon (4/15)
 Temple: D:4-7

Altars:

Annotations:
D:2 1 runed translucent door, Crazy Yiuf


Message History

You shoot a sling bullet.
The sling bullet hits the water moccasin.
The water moccasin is lightly wounded.
The water moccasin bites you but does no damage.
The water moccasin bites you!
You shoot a sling bullet.
The sling bullet hits the water moccasin.
The water moccasin is lightly wounded.
The water moccasin bites you but does no damage.
The water moccasin bites you.
You are lethally poisoned!
The water moccasin poisons you!
You shoot a sling bullet.
The sling bullet barely misses the water moccasin.
The sling bullet closely misses the hobgoblin.
You feel very sick. The water moccasin bites you.
You are more poisoned.
The water moccasin poisons you! The water moccasin bites you.
2954 ||| DRINKING potion of heal wounds.
You feel much better.
You feel extremely sick.
The water moccasin bites you but does no damage.
You shoot a sling bullet.
The sling bullet closely misses the water moccasin.
The sling bullet hits the hobgoblin.
You kill the hobgoblin!
You feel extremely sick.
The water moccasin completely misses you.
The water moccasin barely misses you.
You shoot a sling bullet.
The sling bullet hits the water moccasin.
The water moccasin is lightly wounded.
You feel very sick. The water moccasin bites you.
You are more poisoned.
The water moccasin poisons you! The water moccasin barely misses you.
You shoot a sling bullet.
The sling bullet barely misses the water moccasin.
You die...

#....###...###....<
#.....##...##......
##....##...........
#....##...........
###..##...........
#+########.###....######
...........# ######
...........#
.......@...#
#######S#### ... ..)..
...)... #.......#
#.......# ##.....##


You could see a water moccasin.

Vanquished Creatures
  A hound (D:4)
  3 adders
  An ufetubus (D:4)
  A worm (D:2)
  2 dart slugs
  5 orcs
  7 ball pythons
  7 bats
  4 endoplasms
  8 giant cockroaches
  8 goblins
  3 hobgoblins
  4 jackals (D:1)
  5 kobolds
  6 quokkas
  A frilled lizard (D:2)
  3 rats
69 creatures vanquished.

Notes
Turn   | Place    | Note
-------+----------+-------------------------------------------
     0 | D:1      | qw the Minotaur Hexslinger began the quest for the Orb.
     0 | D:1      | Reached XP level 1. HP: 16/16 MP: 1/1
     0 | D:1      | 0 ||| qw: Version: 0.3-a-51-g015441d
     0 | D:1      | 0 ||| qw: Game counter: 4389
     0 | D:1      | 0 ||| qw: Melee chars always use a shield: true
     0 | D:1      | 0 ||| qw: God list: Okawaru
     0 | D:1      | 0 ||| qw: Allow faded altars: false
     0 | D:1      | 0 ||| qw: Do Orc after clearing Dungeon:15 true
     0 | D:1      | 0 ||| qw: Do second Lair branch before Depths: true
     0 | D:1      | 0 ||| qw: Lair rune preference: random
     0 | D:1      | 0 ||| qw: Goals: Normal
     0 | D:1      | 0 ||| PLANNING D:1-11
    95 | D:1      | Reached skill level 3 in Ranged Weapons
    95 | D:1      | Reached XP level 2. HP: 22/23 MP: 2/2
   413 | D:1      | 413 ||| FLEEEEING.
   414 | D:1      | 414 ||| FLEEEEING.
   419 | D:1      | Reached XP level 3. HP: 28/29 MP: 3/3
   914 | D:1      | 914 ||| READING 2 scrolls labelled VIUNEO BESA.
   915 | D:1      | 915 ||| DRINKING 2 pink potions.
   916 | D:1      | 916 ||| DROPPING scroll of poison.
   917 | D:1      | 917 ||| DROPPING potion of invisibility.
  1001 | D:2      | Reached skill level 4 in Ranged Weapons
  1004 | D:2      | 1004 ||| FLEEEEING.
  1005 | D:2      | 1005 ||| FLEEEEING.
  1006 | D:2      | 1006 ||| FLEEEEING.
  1007 | D:2      | 1007 ||| FLEEEEING.
  1008 | D:2      | 1008 ||| STAIRDANCE
  1026 | D:2      | 1026 ||| STAIRDANCE
  1317 | D:2      | Reached XP level 4. HP: 36/36 MP: 4/4
  1396 | D:2      | Found a faded altar of an unknown god.
  1637 | D:2      | Found a runed translucent door.
  1638 | D:2      | Noticed Crazy Yiuf
  1788 | D:2      | 1788 ||| UPGRADING to +0 ring mail.
  1798 | D:2      | 1798 ||| DROPPING +0 robe.
  1799 | D:2      | 1799 ||| READING 2 scrolls labelled EPSIHE CAZIWYM.
  1800 | D:2      | 1800 ||| READING scroll labelled ESAYRI ROERPH.
  1801 | D:2      | 1801 ||| READING scroll labelled SULIPS OGROCH.
  1802 | D:2      | 1802 ||| READING scroll labelled UDEUM KUMNU.
  1868 | D:2      | 1868 ||| DRINKING 2 white potions.
  1869 | D:2      | 1869 ||| DRINKING 2 lumpy puce potions.
  1870 | D:2      | 1870 ||| DRINKING 3 inky potions.
  1871 | D:2      | 1871 ||| DROPPING scroll of amnesia.
  1872 | D:2      | 1872 ||| DROPPING 2 potions of attraction.
  2040 | D:3      | Reached skill level 1 in Armour
  2736 | D:3      | Reached skill level 5 in Ranged Weapons
  2852 | D:3      | 2852 ||| READING scroll labelled VYFUWN GEOLIGI.
  2853 | D:3      | 2853 ||| DRINKING 2 coppery potions.
  2854 | D:3      | 2854 ||| READING 2 scrolls of identify.
  2854 | D:3      | 2854 ||| IDENTIFYING clear potion
  2874 | D:4      | 2874 ||| PLANNING SEWER
  2936 | D:4      | Noticed a water moccasin
  2945 | D:4      | Reached skill level 3 in Fighting
  2945 | D:4      | Reached XP level 5. HP: 26/45 MP: 5/5
  2953 | D:4      | HP: 11/45 [poisoned by a water moccasin]
  2953 | D:4      | HP: 5/45 [water moccasin (6)]
  2953 | D:4      | HP: 1/45 [water moccasin (4)]
  2954 | D:4      | 2954 ||| DRINKING potion of heal wounds.
  2957 | D:4      | Succumbed to a water moccasin's poison

Levels and vault maps discovered:
D:1:      minmay_arrival_radiant_lines, layout_basic, serial_corexii_hall,
          corexii_hall_statues_l, chequers_hall_statues_wall_a,
          corexii_hall_statues_l, chequers_hall_statues_corner_a,
          chequers_hall_statues_corner_a, chequers_hall_statues_wall_a
D:2:      layout_basic, hellmonk_ecumenical_altar_leap_of_faith,
          uniq_crazy_yiuf_cottage
D:3:      layout_basic
D:4:      minmay_opposing_rooms, layout_layer_cave,
          minmay_temple_entry_poolview, portal_sewer_entry_d, uniq_natasha,
          uniq_duvessa

Skill      XL: |  1  2  3  4 |
---------------+-------------+-----
Ranged Weapons | 3 4 5 |  5.1
Fighting       | 2 3 |  3.0
Armour         | 1 |  1.0
Dodging        | |  2.1
Spellcasting   | |  1.0
Hexes          | |  2.0

Action                     |  1- 3 |  4- 6 || total
---------------------------+-------+-------++-------
   Fire: Sling             |   114 |   117 ||   231
    Use: Scroll            |     1 |     6 ||     7
         Potion            |     1 |     5 ||     6
 Armour: Robe              |     5 |       ||     5
         Ring mail         |       |    22 ||    22
  Dodge: Dodged            |    25 |    61 ||    86

Table legend:
 A = Non-vault XP
 B = Vault XP
 C = Vault XP percentage of total XP
 D = Non-vault monster count
 E = Vault monster count
 F = Vault count percentage of total count
                 A         B        C        D         E       F
            +---------+---------+-------+---------+---------+-------
      Total |     156 |      57 |  26.8 |      61 |       8 |  11.6
            +---------+---------+-------+---------+---------+-------
        D:1 |      47 |       0 |   0.0 |      24 |       0 |   0.0
        D:2 |      62 |       0 |   0.0 |      20 |       0 |   0.0
        D:3 |      42 |       0 |   0.0 |      15 |       0 |   0.0
        D:4 |       5 |      57 |  91.9 |       2 |       8 |  80.0
            +---------+---------+-------+---------+---------+-------
